 Dungeon Crawl Stone Soup version 0.29.1-15-g9cfb28693d (webtiles) character file.

Game seed: 4758888331148236645

31 Artool the Trooper (level 3, 0/29 HPs)
             Began as a Demonspawn Fighter on Apr 6, 2023.
             Slain by a goblin
             ... wielding a +0 club
              (4 damage)
             ... on level 1 of the Dungeon.
             The game lasted 00:00:51 (910 turns).

Artool the Trooper (Demonspawn Fighter)              Turns: 910, Time: 00:00:52

Health: 0/29       AC:  6    Str: 18    XL:     3   Next: 7%
Magic:  3/3        EV:  9    Int:  9    God:
Gold:   3          SH:  4    Dex: 12    Spells: 2/2 levels left

rFire   x . .      SeeInvis .   a - +0 flail
rCold   + . .      Faith    .   c - +0 buckler
rNeg    . . .      Spirit   .   b - +0 scale mail
rPois   .          Reflect  .   (no helmet)
rElec   .          Harm     .   (no cloak)
rCorr   .          Rampage  .   (no gloves)
Will    .....                   (no boots)
Stlth   ..........              (no amulet)
HPRegen 0.09/turn               f - ring of ice
MPRegen 0.08/turn               (no ring)

@: no status effects
A: powered by pain 1, demonic touch 1
a: no special abilities


You were on level 1 of the Dungeon.
You visited 1 branch of the dungeon, and saw 1 of its levels.

You collected 3 gold pieces.

Inventory:

Hand Weapons
 a - a +0 flail (weapon)
Armour
 b - a +0 scale mail (worn)
 c - a +0 buckler (worn)
Jewellery
 f - a ring of ice (left hand)
Scrolls
 h - a scroll of brand weapon {unknown}
 i - a scroll of enchant weapon {unknown}
Potions
 d - a potion of might
 e - a potion of flight {unknown}
 g - a potion of attraction {unknown}


   Skills:
 + Level 3.3 Fighting
 + Level 2.2 Maces & Flails
 + Level 3.0 Armour
 - Level 3.0 Shields


You had 2 spell levels left.
You didn't know any spells.
Your spell library was empty.

Dungeon Overview and Level Annotations

Branches:
Dungeon (1/15)

Altars:

Shops:
D:1 !


Innate Abilities, Weirdness & Mutations

You sometimes gain a little power by taking damage.
Your touch may inflict minor irresistible damage on your foes.


Message History

The goblin hits you but does no damage. The goblin hits you with a +0 club.
The goblin barely misses you. You block the goblin's attack.
The goblin hits you but does no damage. The goblin hits you but does no damage.
The goblin hits you with a +0 club. The goblin closely misses you.
The goblin hits you but does no damage. The goblin barely misses you.
The goblin barely misses you. The goblin hits you with a +0 club.
The goblin hits you with a +0 club. You block the goblin's attack.
The goblin barely misses you. The goblin hits you but does no damage.
The goblin closely misses you. The goblin barely misses you.
You block the goblin's attack. The goblin hits you with a +0 club.
The goblin hits you but does no damage. The goblin hits you but does no damage.
You block the goblin's attack. You block the goblin's attack.
The goblin barely misses you. The goblin barely misses you.
The goblin hits you but does no damage. You block the goblin's attack.
The goblin hits you but does no damage. The goblin hits you but does no damage.
The goblin hits you with a +0 club. The goblin hits you with a +0 club.
The goblin hits you with a +0 club.
* * * LOW HITPOINT WARNING * * *
The goblin hits you with a +0 club.
* * * LOW HITPOINT WARNING * * *
The goblin hits you but does no damage. You block the goblin's attack.
The goblin hits you with a +0 club.
You die...

..........#..
#......#........
#.##..........##
#.##...........#
#.##....⌠...⌠...
#######.........>....#
#...............<....#
#....................#
#...g@..........∩....#
#...................##
#..........#.......###
#..........##..#######
#..........###..##....
###############..#.###
#......###
#######...#....#
#.........##.#.#


You could see a goblin.

Vanquished Creatures
  3 dart slugs (D:1)
  2 bats (D:1)
  An endoplasm (D:1)
  2 giant cockroaches (D:1)
  2 goblins (D:1)
  A hobgoblin (D:1)
  3 jackals (D:1)
  A quokka (D:1)
  2 ball pythons (D:1)
  A frilled lizard (D:1)
  4 kobolds (D:1)
  2 rats (D:1)
24 creatures vanquished.

Notes
Turn   | Place    | Note
-------+----------+-------------------------------------------
     0 | D:1      | Artool the Demonspawn Fighter began the quest for the Orb.
     0 | D:1      | Reached XP level 1. HP: 18/18 MP: 1/1
   109 | D:1      | Gained mutation: You sometimes gain a little power by
                  | taking damage. [demonic ancestry]
   109 | D:1      | Reached XP level 2. HP: 22/24 MP: 2/2
   430 | D:1      | Found Buego's Distillery.
   676 | D:1      | Gained mutation: Your touch may inflict minor irresistible
                  | damage on your foes. [demonic ancestry]
   676 | D:1      | Reached XP level 3. HP: 29/29 MP: 3/3
   910 | D:1      | Slain by a goblin

Illustrated notes

Levels and vault maps discovered:
D:1:      wander_arrival_desolate, layout_basic, serial_shops,
          nicolae_shop_hallway_plus

Skill      XL: |  1  2 |
---------------+-------+-----
Maces & Flails | 2 |  2.2
Armour         | 3 |  3.0
Shields        | 3 |  3.0
Fighting       | |  3.3

Action                   || total
-------------------------++-------
Melee: Flail             ||    84
Armor: Scale mail        ||    69
Dodge: Dodged            ||    55
Block: Buckler           ||    41
